AoeStats
← [KMNB] Bandeira

African Clearing

505519328Analyzed
2v2 RM · 24d ago on Sep 9, 2026· 65m 24s· 4 players
Game mode
Random Map
Map size
Medium (4 player)
Population
200
Speed
Normal
Resources
Standard
Victory
Conquest
Starting age
Dark Age
Ending age
Imperial Age
RankedLock teamsTeams togetherTeam positionsShared explorationLock speedFull tech treeHidden civsTurbo modeCheats
Victory
Defeat
🇳🇴 Koreans · Norway
1770
+8
🇳🇴 Spanish · Norway
1616
+14
🇧🇷 Huns · Brazil
1583
-11
🇧🇷 Hindustanis · Brazil
1574
-11
[Nors] OG DADDY
6:59 Loom
30:06 Feudal Age
30:46 Fishing Lines
30:57 Double-Bit Axe
34:04 Castle Age
32:19 Stone Mining
33:56 Town Watch
35:10 Gold Mining
35:38 Bow Saw
35:20 Gillnets
37:36 Horse Collar
38:54 Heavy Plow
39:54 Wheelbarrow
41:11 Town Watch
43:10 Hand Cart
48:12 Imperial Age
45:48 Scale Mail Armor
45:58 Forging
46:35 Forging
45:47 Pikeman
46:27 Squires
46:54 Chain Mail Armor
48:19 Halberdier
49:30 Plate Mail Armor
48:58 Murder Holes
49:28 Conscription
49:43 Fletching
52:51 Two-Man Saw
53:14 Iron Casting
52:26 Arson
55:45 Stone Shaft Mining
56:52 Coinage
56:35 Bodkin Arrow
57:01 Ballistics
57:42 Chemistry
56:28 Arrowslits
56:45 Eupseong
57:29 Bracer
60:34 Gold Shaft Mining
62:30 Masonry
62:01 Treadmill Crane
65:24 Architecture
[Nors] Laksen ><(((º>
2:57 Loom
13:48 Feudal Age
17:41 Castle Age
19:13 Padded Archer Armor
24:43 Bloodlines
25:41 Husbandry
28:15 Leather Archer Armor
44:09 Imperial Age
43:15 Double-Bit Axe
44:13 Wheelbarrow
44:27 Scale Barding Armor
44:56 Forging
47:03 Iron Casting
46:45 Town Watch
48:28 Conscription
48:37 Hand Cart
48:30 Cavalier
49:38 Bow Saw
51:17 Blast Furnace
51:18 Chain Barding Armor
53:33 Plate Barding Armor
56:17 Town Watch
56:24 Paladin
64:05 Supremacy
[KMNB] Bandeira
3:01 Loom
12:50 Feudal Age
19:24 Castle Age
24:42 Fletching
35:57 Double-Bit Axe
43:22 Forging
43:27 Bloodlines
45:49 Forging
45:58 Horse Collar
50:40 Imperial Age
51:30 Wheelbarrow
50:48 Heavy Camel Rider
51:28 Husbandry
57:13 Pikeman
57:54 Squires
58:06 Arson
60:30 Iron Casting
59:56 Scale Mail Armor
60:02 Scale Barding Armor
59:19 Imperial Camel Rider
62:57 Light Cavalry
Fs.Khronos
3:33 Loom
11:06 Feudal Age
11:34 Double-Bit Axe
28:29 Castle Age
27:22 Fletching
27:35 Horse Collar
28:47 Padded Archer Armor
28:47 Gold Mining
29:41 Bodkin Arrow
29:36 Elite Skirmisher
33:40 Bow Saw
38:30 Wheelbarrow
38:02 Heavy Plow
39:20 Ballistics
46:06 Imperial Age
44:01 Scale Barding Armor
44:09 Husbandry
44:19 Bloodlines
44:58 Hand Cart
45:50 Chain Barding Armor
45:41 Forging
45:44 Town Watch
46:08 Cavalier
47:24 Plate Barding Armor
48:31 Plate Barding Armor
48:32 Iron Casting
48:46 Capped Ram
50:30 Leather Archer Armor
50:48 Bracer
51:50 Chemistry
51:45 Thumb Ring
53:08 Blast Furnace
53:31 Two-Man Saw
52:23 Paladin
54:11 Gold Shaft Mining
53:27 Stone Mining
60:13 Light Cavalry
Connection lost

Rejoining the realm…

Still unreachable

The connection could not be restored.

Session expired

The server has moved on; the page needs a fresh start.